Map: Ruins of Endion

Players

Pokebunny - Winner!

  • Race: Terran Terran
  • League: Grandmaster

RuFF

  • Race: Terran Terran
  • League: Grandmaster

VOD

Have the link to the VOD?

Description

Time

  • Played on: April 7, 2016, 12:11 a.m.
  • Length: 8:00
Show
View Real Time Build Order
Export as new Build Order

Pokebunny Terran - Winner!

Build Orders:  

Get SALT Encoding   

  12  0:01  SCV  
  13  0:13  SCV  
  14  0:17  Supply Depot  
  14  0:25  SCV  
  15  0:29  Refinery  
  15  0:39  SCV  
  16  0:46  Barracks  
  16  0:51  SCV  
  18  1:07  Barracks, SCV  
  18  1:21  SCV  
  19  1:28  Barracks  
  19  1:33  Reaper  
  20  1:42  Orbital Command  
  20  1:50  Supply Depot  
  20  1:55  Reaper  
  21  2:06  Reaper  
  21  2:07  Refinery  
  22  2:09  SCV  
  22  2:16  Reaper  
  23  2:22  Barracks  
  23  2:27  SCV  
  24  2:31  Reaper  
  25  2:40  Reaper  
  26  2:44  Supply Depot  
  26  2:50  SCV  
  28  2:51  Reaper  
  28  3:02  SCV  
  28  3:03  Reaper  
  30  3:19  Reaper x2  
  32  3:21  Engineering Bay  
  29  3:35  Reaper x2  
  31  3:49  Missile Turret  
  31  3:50  Missile Turret  
  31  3:51  Marine x2  
  33  4:05  Missile Turret  
  33  4:08  Marine x2  
  33  4:09  Marine x2  
  37  4:15  SCV  
  38  4:25  Marine  
  38  4:29  Marine  
  39  4:34  Supply Depot  
  39  4:37  Supply Depot  
  39  4:45  Marine  
  39  4:46  Marine  
  39  4:47  Marine  
  39  4:48  Marine  
  35  5:02  Marine  
  35  5:04  Marine  
  35  5:05  Marine  
  35  5:06  Marine  
  34  6:21  Marine x2  
  34  6:22  Marine x2  
  34  6:25  SCV  
  39  6:38  Factory  
  39  6:39  SCV  
  40  6:47  Barracks Tech Lab  
  40  6:57  Marine x3  
  42  7:05  SCV  
  42  7:07  Marine  
  44  7:15  Marine x3  
  47  7:20  Supply Depot  
  47  7:24  Supply Depot  
  47  7:34  Starport  
  47  7:37  SCV  
Show
View Real Time Build Order
Export as new Build Order

RuFF Terran 

Build Orders: 1/1/1, Liberator Opening 

Get SALT Encoding   

  12  0:00  SCV  
  13  0:13  SCV  
  14  0:18  Supply Depot  
  14  0:25  SCV  
  15  0:28  Refinery  
  15  0:40  SCV  
  16  0:45  Barracks  
  16  0:52  SCV  
  17  1:03  Refinery  
  18  1:04  SCV  
  18  1:16  SCV  
  19  1:28  SCV  
  19  1:32  Marine  
  21  1:33  Factory  
  21  1:42  Orbital Command  
  21  1:50  Marine  
  22  1:56  Supply Depot  
  22  2:19  Bunker  
  22  2:23  Starport  
  22  2:25  Starport  
  22  2:30  Barracks Reactor  
  22  2:35  Factory Tech Lab  
  22  2:37  SCV  
  23  2:44  Supply Depot  
  23  2:51  SCV  
  24  2:59  Factory Reactor  
  24  3:08  Banshee  
  25  3:24  Liberator  
  6  4:03  Orbital Command  
  6  4:40  SCV  
  7  4:52  SCV  
  8  5:09  Hellion  
  8  5:14  SCV  
  11  5:26  SCV  
  12  5:30  Hellion  
  9  5:45  Orbital Command  
  8  6:11  SCV  
  7  6:24  Factory Tech Lab  
  7  6:25  SCV  
  8  6:37  SCV  
  9  6:51  SCV  
  10  6:55  Refinery  
  10  7:03  SCV  
  11  7:15  SCV  
  12  7:27  SCV  
  13  7:39  SCV  
Tags
 
Add a new tag
Caveats
  • Supply blocks, unpowered buildings, or Contaminate may cause inaccurate times.
  • Supply counts are checked every 10 seconds.